 Dungeon Crawl Stone Soup version 0.29-a0-22-gbf593b16ee (webtiles) character file.

Game seed: 8100874313234060433

8374 avis the Grappler (level 11, -10/94 HPs)
             Began as a Hill Orc Transmuter on Jan 29, 2022.
             Was an Elder of Beogh.
             Shot with a bolt by a yaktaur (25 damage)
             ... on level 10 of the Dungeon on Jan 30, 2022.
             The game lasted 01:32:41 (16662 turns).

avis the Grappler (Hill Orc Transmuter)            Turns: 16662, Time: 01:32:41

Health: -10/94     AC: 11    Str: 14    XL:     11   Next: 29%
Magic:  14/17      EV: 13    Int: 17    God:    Beogh [****..]
Gold:   271        SH:  4    Dex: 11    Spells: 9/18 levels left

rFire   . . .      SeeInvis +     - Unarmed
rCold   . . .      Faith    .   J - +0 buckler
rNeg    . . .      Spirit   .   Z - +0 steam dragon scales
rPois   .          Reflect  .   (no helmet)
rElec   .          Harm     .   x - +1 cloak
rCorr   .          Rampage  .   a - +2 pair of gloves
Will    .....                   (no boots)
Stlth   +.........              s - amulet of the acrobat
HPRegen 0.25/turn               L - ring of see invisible
MPRegen 0.15/turn               (no ring)

@: no status effects
A: no striking features
a: Renounce Religion, Smiting, Recall Orcish Followers


You were on level 10 of the Dungeon.
You worshipped Beogh.
Beogh was greatly pleased with you.
You visited 2 branches of the dungeon, and saw 11 of its levels.
You also visited: Sewer.

You collected 427 gold pieces.
You spent 156 gold pieces at shops.

Inventory:

Hand Weapons
 b - the +9 staff of Wucad Mu {*channel}
   (You acquired it in the Ecumenical Temple)

   It occasionally powers its wielder's spells, but with a chance of causing
   confusion or draining the wielder's intelligence.
   It becomes more likely to activate and less likely to backfire with increased
   Evocations skill.
 w - a +3 flail
Missiles
 i - 40 arrows
 k - 17 poisoned darts (quivered)
 l - 4 stones
Armour
 a - a +2 pair of gloves (worn)
 x - a +1 cloak (worn)
 J - a +0 buckler (worn)
 Z - +0 steam dragon scales (worn)
Jewellery
 s - an amulet of the acrobat (around neck)
 L - a ring of see invisible (left hand)
Wands
 e - a wand of acid (3)
 n - a wand of digging (3)
 z - a wand of iceblast (18)
 E - a wand of flame (24)
 U - a wand of polymorph (4)
Scrolls
 d - a scroll of fear
 f - 7 scrolls of identify
 j - a scroll of immolation {unknown}
 m - a scroll of teleportation
 o - a scroll of enchant weapon {unknown}
 v - a scroll of blinking
 y - 4 scrolls of fog
 N - 2 scrolls of magic mapping
Potions
 c - a potion of heal wounds
 h - 8 potions of curing
 t - a potion of berserk rage
 A - 3 potions of brilliance
 C - 3 potions of haste
 F - a potion of lignification
 G - a potion of flight
 R - a potion of invisibility
 T - a potion of ambrosia
 X - 2 potions of might
Miscellaneous
 g - a condenser vane


   Skills:
 - Level 8.0 Fighting
 - Level 5.0 Armour
 - Level 5.0 Dodging
 - Level 4.0 Shields
 - Level 11.0 Unarmed Combat
 - Level 4.0 Spellcasting
 - Level 4.0 Transmutations
 - Level 4.0 Ice Magic
 - Level 2.0 Poison Magic
 * Level 5.4 Invocations


You had 9 spell levels left.
You knew the following spells:

 Your Spells              Type           Power      Damage    Failure   Level
e - Wereblood             Tmut           17%        N/A       6%          2
p - Spider Form           Tmut/Pois      13%        N/A       17%         3
q - Ice Form              Ice/Tmut       17%        N/A       36%         4

Your spell library contained the following spells:

 Spells                   Type           Power      Damage    Failure   Level
 Beastly Appendage        Tmut           34%        N/A       3%          1
 Ensorcelled Hibernation  Hex/Ice        20%        N/A       13%         2
 Dazzling Flash           Conj/Hex       6%         N/A       52%         3
 Airstrike                Air            1%         N/A       89%         4
 Anguish                  Hex/Necr       1%         N/A       89%         4
 Animate Armour           Summ/Erth      6%         N/A       89%         4
 Fulminant Prism          Conj/Hex       1%         3d6       89%         4
 Summon Lightning Spire   Summ/Air       3%         N/A       89%         4
 Agony                    Necr           3%         N/A       99%         5
 Fireball                 Conj/Fire      1%         3d3       99%         5
 Iskenderun's Battlesphe  Conj           3%         2d6       99%         5
 Lightning Bolt           Conj/Air       1%         1d12      99%         5
 Silence                  Hex/Air        1%         N/A       99%         5
 Summon Forest            Summ/Tloc      1%         N/A       99%         5
 Conjure Ball Lightning   Conj/Air       1%         3x3d6     100%        6
 Orb of Destruction       Conj           1%         9d5       100%        7


Dungeon Overview and Level Annotations

Branches:
Dungeon (10/15)            Temple (1/1) D:6             Orc (0/2) D:10
  Sewer (visited)
   Lair: D:8-11

Altars:
Ashenzari
Cheibriados
Dithmenos
Elyvilon
Fedhas
Gozag
Hepliaklqana
Kikubaaqudgha
Makhleb
Nemelex Xobeh
Okawaru
Qazlal
Ru
Sif Muna
Trog
Uskayaw
Vehumet
Wu Jian
Xom
Yredelemnul
Zin
The Shining One

Shops:
D:2 (   D:4 !


Message History

You miss the tengu warrior.
The sentinel's mark upon you fades away.
The tengu warrior hits you with a +0 battleaxe!
The tengu warrior barely misses you. The tengu warrior misses you.
Aiming: Smiting
Press: ? - help, Dir - move target, f - tengu warrior Smite: a tengu warrior, wielding a +0 battleaxe and wearing a +0 ring mail (ally target)
You smite the tengu warrior!!
The tengu warrior is moderately wounded.
The tengu warrior hits you with a +0 battleaxe!
* * * LOW HITPOINT WARNING * * *
The tengu warrior pecks you.
* * * LOW HITPOINT WARNING * * *
The tengu warrior claws you.
* * * LOW HITPOINT WARNING * * *
Morun hits the tengu warrior with a +0 battleaxe!!
The tengu warrior hits Morun but does no damage.
The tengu warrior closely misses you.
The tengu warrior pecks Morun but does no damage.
The tengu warrior claws Morun but does no damage.
Morun hits the tengu warrior with a +0 battleaxe!!
The tengu warrior dies!
Beogh accepts your kill.
The yaktaur wields a +0 arbalest.
The yaktaur shoots a bolt.
The bolt hits Morun!
Training target 5.0 for Armour reached!
Your Armour skill increases to level 5!
You need to enable at least one skill for training.
What are your orders? t - Shout!
Orders for allies: a - Attack new target. r - Retreat! s - Stop attacking. g - Guard the area. f - Follow me.
Anything else - Cancel.
Gang up on whom?
Press: ? - help, Dir - move target, f - yaktaur
Aim: a yaktaur, wielding a +0 arbalest and quivering bolts (ally target) Attack!
The yaktaur shoots a bolt.
The bolt barely misses Morun.
The bolt hits you!!
You die...

## .. .. ######## ####
##....... #######... #....#
.#...'..... #....#
..#...#.....
#####....##...######.##.
######......@.oc...######.##.
##...##.####†####.......o.....
#.....#.#.^#.#^.#.............
#.....#.##^#.#^##...####.#####
#.....#.#.^#.#^.#. ####'#####
#<..##.##^#.#^## ..#.....#...
##...##.#.^#.#^.#...#.....'...
#.....#.####'####.# ##...##..#
#.....#....#)#....############


You could see a yaktaur (ally target) and the friendly Morun the orc knight.

Vanquished Creatures
  Pikel (D:8)
  A manticore (D:10)
  Joseph (D:8)
  2 hornets
  A shadow (D:10)
  A wyvern (D:9)
  7 yaks
  A steam dragon (D:8)
  Eustachio (D:4)
  A water moccasin (D:6)
  A sky beast (D:5)
  An ice beast (D:5)
  A black bear (D:4)
  3 orc warriors
  6 ogres
  2 necrophages
  A lemure (D:8)
  2 kobold brigands (Sewer)
  A wyvern zombie (D:7)
  2 bullfrogs
  2 scorpions
  3 gnoll sergeants
  2 wyvern skeletons (D:7)
  A water moccasin skeleton (D:5)
  3 troll zombies (D:10)
  5 wights (D:7)
  A howler monkey (D:9)
  4 centaur zombies
  2 jellies (D:6)
  A hound (D:5)
  2 bullfrog skeletons
  A centaur skeleton (D:4)
  4 orc priests
  A gnoll shaman (D:5)
  3 iguanas
  Ijyb (D:4)
  5 orc wizards
  An ogre zombie (D:10)
  2 howler monkey zombies
  18 gnolls
  9 river rats
  10 adders
  An ufetubus (D:4)
  5 worms
  A dart slug (D:4)
  29 orcs
  9 ball pythons
  4 bats (D:1)
  3 endoplasms
  5 giant cockroaches
  3 goblins (D:3)
  7 hobgoblins
  5 jackals (D:2)
  24 kobolds
  3 quokkas
  5 frilled lizards
  A hobgoblin zombie (D:10)
  2 orc skeletons (D:10)
  7 orc zombies (D:10)
  18 rats
250 creatures vanquished.

Vanquished Creatures (collateral kills)
  A tengu warrior (D:10)
  Maggie (D:8)
  A shadow (D:10)
  5 yaks (D:10)
  A steam dragon (D:10)
  A kobold brigand (D:10)
  A troll zombie (D:10)
  An orc priest (D:8)
  3 ogre zombies (D:10)
  2 goblin skeletons (D:10)
  3 goblin zombies (D:10)
  2 hobgoblin skeletons (D:10)
  2 hobgoblin zombies (D:10)
  A kobold (D:10)
  6 orc zombies (D:10)
31 creatures vanquished.

Vanquished Creatures (others)
  An orc warrior (D:9)
  A killer bee (D:6)
  An orc wizard (D:10)
  12 orcs
15 creatures vanquished.

Grand Total: 296 creatures vanquished

Notes
Turn   | Place    | Note
-------+----------+-------------------------------------------
     0 | D:1      | avis the Hill Orc Transmuter began the quest for the Orb.
     0 | D:1      | Reached XP level 1. HP: 16/16 MP: 3/3
   130 | D:1      | Reached XP level 2. HP: 7/24 MP: 2/4
   355 | D:1      | Reached skill level 4 in Unarmed Combat
   536 | D:1      | Reached XP level 3. HP: 30/30 MP: 3/5
  1287 | D:2      | Found a faded altar of an unknown god.
  1349 | D:1      | Learned a level 3 spell: Spider Form
  1418 | D:2      | Found Qaulicub's Weapon Emporium.
  2215 | D:2      | Reached XP level 4. HP: 37/38 MP: 4/6
  2799 | D:3      | Reached skill level 1 in Poison Magic
  2801 | D:3      | You fall into a shaft and drop 2 floors!
  2801 | D:5      | Entered Level 5 of the Dungeon
  2825 | D:5      | Noticed an ogre
  2825 | D:5      | Noticed a necrophage
  2841 | D:5      | Killed an ogre
  2842 | D:5      | Reached skill level 5 in Unarmed Combat
  2842 | D:5      | Reached XP level 5. HP: 21/46 MP: 1/7
  2852 | D:5      | Killed a necrophage
  2853 | D:5      | Reached XP level 6. HP: 10/52 MP: 1/8
  3106 | D:5      | Learned a level 4 spell: Ice Form
  3203 | D:5      | Noticed a sky beast
  3217 | D:5      | Killed a sky beast
  3815 | D:3      | Found a snail-covered altar of Cheibriados.
  4897 | D:4      | Reached XP level 7. HP: 59/59 MP: 3/10
  4952 | D:4      | Noticed Eustachio
  5167 | D:4      | Killed Eustachio
  5168 | D:4      | Reached skill level 6 in Unarmed Combat
  5423 | D:4      | Reached skill level 7 in Unarmed Combat
  5560 | D:4      | Reached skill level 5 in Fighting
  5560 | D:4      | Reached XP level 8. HP: 34/68 MP: 6/11
  5988 | D:4      | Noticed Ijyb
  5996 | D:4      | Killed Ijyb
  6113 | D:4      | Found Teuxuqom's Distillery.
  6456 | D:4      | Upgraded the game from 0.29-a0-11-ga75d3d97ab to
                  | 0.29-a0-22-gbf593b16ee
  6476 | D:4      | Bought a potion of degeneration for 13 gold pieces
  6476 | D:4      | Bought a potion of curing for 39 gold pieces
  6476 | D:4      | Bought a potion of flight for 39 gold pieces
  6476 | D:4      | Bought a potion of heal wounds for 65 gold pieces
  7006 | D:5      | Reached skill level 1 in Ice Magic
  7057 | D:5      | Got Sif Muna's Almanac of Supportive Hexes
  7752 | D:6      | Became a worshipper of Beogh the Brigand
  7931 | D:6      | Reached skill level 1 in Invocations
  7931 | D:6      | Reached XP level 9. HP: 51/74 MP: 10/13
  7943 | D:6      | Found a staircase to the Ecumenical Temple.
  7978 | D:6      | Reached skill level 8 in Unarmed Combat
  8027 | D:6      | Found a glowing drain.
  8031 | Sewer    | Entered a sewer
  8446 | Sewer    | Reached * piety under Beogh
  8789 | Sewer    | Reached ** piety under Beogh
  9646 | D:6      | Reached skill level 9 in Unarmed Combat
 10191 | Temple   | Entered the Ecumenical Temple
 10517 | D:7      | Reached skill level 5 in Invocations
 11828 | D:7      | Learned a level 2 spell: Wereblood
 12102 | D:8      | Noticed Pikel
 12134 | D:8      | Killed Pikel
 12135 | D:8      | Reached XP level 10. HP: 45/86 MP: 7/16
 12150 | D:8      | Reached *** piety under Beogh
 12672 | D:8      | Noticed Maggie
 12681 | D:8      | Killed Maggie
 12769 | D:8      | Noticed Joseph
 12778 | D:8      | Killed Joseph
 12779 | D:8      | Reached skill level 5 in Dodging
 13982 | D:8      | Reached skill level 1 in Shields
 14866 | Temple   | Identified a scroll of acquirement
 14868 | Temple   | Acquired the +9 staff of Wucad Mu {*channel}
 14868 | Temple   | Found the +9 staff of Wucad Mu {*channel}
 15155 | D:9      | Reached skill level 10 in Unarmed Combat
 15467 | D:10     | Entered Level 10 of the Dungeon
 15731 | D:10     | Reached XP level 11. HP: 52/94 MP: 6/17
 16021 | D:10     | Reached skill level 11 in Unarmed Combat
 16030 | D:10     | Gained Morun as an ally
 16033 | D:10     | Reached **** piety under Beogh
 16397 | D:10     | Found a staircase to the Orcish Mines.
 16620 | D:10     | Noticed a manticore
 16621 | D:10     | Noticed a tengu warrior
 16621 | D:10     | Noticed a tengu warrior
 16622 | D:10     | Noticed a cyclops
 16643 | D:10     | Killed a manticore
 16661 | D:10     | Killed a tengu warrior
 16662 | D:10     | Reached skill level 5 in Armour
 16662 | D:10     | Shot with a bolt by a yaktaur

Illustrated notes

Levels and vault maps discovered:
D:1:      elethiomel_arrival_maze, layout_basic, nicolae_figureground_pulse
D:2:      layout_loops_ring, serial_shops, nicolae_square_shop,
          nicolae_ecumenical_pavilion, minmay_hedge_maze
D:3:      layout_loops_cross, slow_altar_2, kennysheep_generic_room_8
D:4:      layout_gridville, serial_shops,
          nicolae_shop_competitors_out_of_business, uniq_ijyb, uniq_eustachio
D:5:      layout_gridville
D:6:      nicolae_BIG_FREAKIN_CUBE, layout_loops_cross,
          minmay_temple_entry_statues_fountains, lightli_sewer_entry_pipes,
          kennysheep_generic_room_3
D:7:      layout_rooms, serial_aquarium, aquarium_bridge_square
          [aquarium_subvault_bridge, aquarium_subvault_bridge,
          aquarium_subvault_bridge, aquarium_subvault_wall],
          aquarium_window_fake, aquarium_window_2, aquarium_window_1,
          aquarium_view_2c, minmay_misc_feat_columns, corexii_hall_statues_s,
          kennysheep_generic_room_15
D:8:      layout_basic, uniq_maggie, uniq_pikel, uniq_joseph
D:9:      layout_roguey
D:10:     layout_gridville, zombieorc2_lemuel, chequers_garden,
          grunt_tough_drop, uniq_snorg
Temple:   compressed_dpeg_circular_temple

Skill      XL: |  1  2  3  4  5  6  7  8  9 10 11 |
---------------+----------------------------------+-----
Fighting       | 2 3 4 5 7 8 |  8.0
Unarmed Combat | 4 5 7 9 10 11 | 11.0
Dodging        | 2 3 5 |  5.0
Poison Magic   | 1 2 |  2.0
Transmutations | 2 3 4 |  4.0
Spellcasting   | 2 3 4 |  4.0
Ice Magic      | 4 |  4.0
Invocations    | 1 5 |  5.4
Shields        | 4 |  4.0
Armour         | 5 |  5.0

Action                   |  1- 3 |  4- 6 |  7- 9 | 10-12 || total
-------------------------+-------+-------+-------+-------++-------
Melee: Unarmed           |   104 |    77 |   440 |   180 ||   801
       Kick              |    21 |     7 |     2 |       ||    30
       Headbutt          |    10 |     2 |     4 |       ||    16
       Punch             |       |     1 |       |     4 ||     5
 Cast: Beastly Appendage |    32 |     5 |     2 |       ||    39
       Spider Form       |     1 |    16 |    54 |     3 ||    74
       Ice Form          |       |       |    11 |    14 ||    25
Invok: Convert to Beogh  |       |       |     1 |       ||     1
       Smiting           |       |       |       |     1 ||     1
  Use: Scroll            |       |       |    15 |     5 ||    20
       Potion            |       |       |     3 |     2 ||     5
 Stab: Sleeping          |       |       |     1 |       ||     1
       Distracted        |       |       |       |     2 ||     2
Armor: Robe              |     4 |       |       |       ||     4
       Leather armour    |    10 |    10 |    13 |     3 ||    36
       Skin              |       |     5 |    37 |    28 ||    70
       Steam dragon scal |       |       |       |    11 ||    11
Dodge: Dodged            |    76 |    44 |   324 |   103 ||   547
Block: Other             |       |       |    21 |    13 ||    34
       Reflection        |       |       |       |     1 ||     1
       Buckler           |       |       |       |     6 ||     6

Table legend: (Time is in decaauts)
 A = Elapsed time spent in this place.
 B = Non-inter-level travel time spent in this place.
 C = Inter-level travel time spent in this place.
 D = Time resting spent in this place.
 E = Time spent auto-exploring this place.
 F = Levels seen in this place.
 G = Mean time per level.
                   A        B        C        D        E       F      G
               +--------+--------+--------+--------+--------+-----+--------+
         Total |  16594 |  15143 |   1451 |   5239 |   6184 |  12 | 1382.8 |
       Dungeon |  15236 |  13796 |   1440 |   4621 |   6027 |  10 | 1523.6 |
        Temple |    193 |    182 |     11 |      0 |     55 |   1 |  193.0 |
         Sewer |   1164 |   1164 |      0 |    618 |    102 |   1 | 1164.0 |
               +--------+--------+--------+--------+--------+-----+--------+

Top non-repeatable levels by time:
     D:6: 2030 daAuts
     D:7: 2005 daAuts
     D:5: 1920 daAuts
     D:4: 1694 daAuts
     D:8: 1606 daAuts
     D:3: 1411 daAuts
     D:1: 1393 daAuts
     D:2: 1384 daAuts
   Sewer: 1164 daAuts
    D:10: 1024 daAuts
     D:9: 764 daAuts
  Temple: 193 daAuts
